 Dungeon Crawl Stone Soup version 0.30-a0-883-g5ad918d77d (webtiles) character file.

Game seed: 9424736317377437272

14046 cheesebisquit the Grappler (level 11, 0/107 HPs)
             Began as a Troll Fighter on Mar 15, 2023.
             Slain by Kirke (12 damage)
             ... on level 12 of the Dungeon.
             The game lasted 00:56:40 (11190 turns).

cheesebisquit the Grappler (Troll Fighter)         Turns: 11190, Time: 00:56:40

Health: 0/107      AC:  0    Str: 30    XL:     11   Next: 83%
Magic:  10/10      EV: 14    Int:  4    God:
Gold:   403        SH:  0    Dex:  9    Spells: 10/10 levels left

rFire   . . .      SeeInvis .      - Unarmed
rCold   . . .      Faith    .    b - melded +1 kite shield
rNeg    . . .      Spirit   .    F - melded +1 troll leather armour
rPois   .          Reflect  .    c - melded +1 hat
rElec   .          Rampage  .    O - melded +1 cloak {rCorr}
rCorr   .                        (gloves unavailable)
Will    .....                    (boots unavailable)
Stlth   +                        N - amulet of Vitality {RegenMP++ Regen++}
HPRegen 2.77/turn                K - melded ring of poison resistance
MPRegen 0.92/turn                q - melded +6 ring of dexterity

@: pig-form, slowed
A: fast, no casting, small, unfitting armour, (claws 3), regeneration 1, (shaggy
fur 1), (tough skin 1), (hooves 1)
a: no special abilities


You were on level 12 of the Dungeon.
You were a filthy swine.
You visited 2 branches of the dungeon, and saw 14 of its levels.
You visited the Abyss 1 time.
You also visited: Sewer.

You collected 641 gold pieces.
You spent 238 gold pieces at shops.

Inventory:

Hand Weapons
 e - the +7 Throatcutter {drain, coup de grace}
   (You found it on level 4 of the Dungeon)
 Q - a +0 giant spiked club
Missiles
 j - 3 datura-tipped darts (quivered)
 m - 15 curare-tipped darts
 p - 99 stones
 s - 11 poisoned darts
 y - 2 atropa-tipped darts
 L - 9 boomerangs
 M - a javelin
 R - 4 large rocks
Armour
 b - a +1 kite shield (melded)
 c - a +1 hat (melded)
 F - a +1 troll leather armour (melded)
 O - a +1 cloak of preservation (melded)
Jewellery
 q - a +6 ring of dexterity (melded)
 K - a ring of poison resistance (melded)
 N - the amulet of Vitality (around neck) {RegenMP++ Regen++}
   (You found it on level 7 of the Dungeon)

   [amulet of magic regeneration]

   It increases your rate of magic regeneration.
   Regen:     It increases your rate of health regeneration.
 S - an amulet of the acrobat
Wands
 t - a wand of mindburst (9)
 B - a wand of charming (27)
 D - a wand of iceblast (17)
 P - a wand of flame (24)
Scrolls
 a - a scroll of fear {unknown}
 f - 2 scrolls of teleportation
 l - 2 scrolls of poison
 n - a scroll of fog {unknown}
 u - 3 scrolls of torment
 w - 3 scrolls of noise {unknown}
 x - a scroll of magic mapping {unknown}
 z - 3 scrolls of silence
 E - a scroll of vulnerability {unknown}
 H - a scroll of immolation {unknown}
Potions
 g - 8 potions of curing
 h - 5 potions of lignification
 i - 5 potions of flight
 o - a potion of attraction
 v - a potion of berserk rage
 A - 2 potions of brilliance
 J - 2 potions of mutation


   Skills:
 + Level 6.7 Fighting
 * Level 9.8 Throwing
 - Level 2.4 Dodging
 + Level 7.5 Shields
 * Level 12.3 Unarmed Combat


You had 10 spell levels left.
You didn't know any spells.
Your spell library contained the following spells:

 Spells                   Type           Power      Damage    Failure   Level
 Freeze                   Ice            0%         1d3       50%         1
 Kiss of Death            Conj/Necr      0%         2d5       50%         1
 Slow                     Hex            0%         N/A       50%         1
 Cigotuvi's Dreadful Rot  Necr/Pois/Air  0%         N/A       65%         2
 Sublimation of Blood     Necr           0%         N/A       65%         2
 Confusing Touch          Hex            0%         N/A       86%         3
 Frozen Ramparts          Ice            0%         1d1       86%         3
 Hailstorm                Conj/Ice       0%         3d3       86%         3
 Ignite Poison            Fire/Tmut/Pois 0%         N/A       86%         3
 Kindle Blastsparks       Fire/Tloc/Air  0%         2d10      86%         3
 Spider Form              Tmut/Pois      0%         N/A       86%         3
 Vampiric Draining        Necr           0%         2d6       86%         3
 Dispel Undead            Necr           0%         3d6       99%         4
 Ice Form                 Ice/Tmut       0%         N/A       99%         4
 Petrify                  Tmut/Erth      0%         N/A       99%         4
 Sticky Flame             Conj/Fire      0%         2d3       99%         4
 Summon Ice Beast         Ice/Summ       0%         N/A       99%         4
 Blade Hands              Tmut           0%         N/A       100%        5
 Irradiate                Conj/Tmut      0%         3d11      100%        5
 Dragon Form              Tmut           0%         N/A       100%        7
 Ignition                 Fire           0%         3d3       100%        8


Dungeon Overview and Level Annotations

Branches:
Dungeon (13/15)            Temple (1/1) D:5            Lair (0/5) D:9
    Orc (0/2) D:9           Sewer (visited)
 Vaults: D:13-14

Altars:
Ashenzari
Cheibriados
Dithmenos
Elyvilon
Fedhas
Gozag
Hepliaklqana
Kikubaaqudgha
Makhleb
Nemelex Xobeh
Okawaru
Qazlal
Ru
Sif Muna
Trog
Uskayaw
Vehumet
Wu Jian
Xom
Yredelemnul
Zin
The Shining One
Lugonu

Shops:
D:3 !   D:4 =   D:5 (   D:8 :

Portals:
Abyss: D:9

Annotations:
D:10 3 runed translucent doors, exclusion: obsidian statue, kenny's ghost, journeyman DECj
D:12 Kirke


Innate Abilities, Weirdness & Mutations

You are a filthy swine.
You move quickly.
Your equipment is almost entirely melded.
You are incapable of wielding weapons or throwing items.
You cannot cast spells.
You are too large for most types of armour.
((You have claws for hands.))
Your natural rate of healing is unusually fast.
((You are covered in fur. (AC +1)))
((You have tough skin. (AC +1)))
((You have large cloven feet.))


Message History

Kirke attacks as you move away! Kirke hits you!
Found a stone staircase leading down.
A vampire comes into view.
The vampire gestures wildly while chanting.
The vampire flickers and vanishes!
Deactivating autopickup; reactivate with Ctrl-A.
Kirke hits you! Kirke attacks as you move away! Kirke hits you!
* * * LOW HITPOINT WARNING * * *
Kirke points at you and mumbles some strange words.
You feel yourself slow down.
You are confused.
You bump into the rock wall.
Kirke hits you!
* * * LOW HITPOINT WARNING * * *
You barely miss Kirke.
Kirke is heavily wounded.
Kirke whispers, "You'd look cute with a curly little tail."
Kirke gestures wildly while chanting.
Kirke summons a lindwurm!
Kirke hits you!
* * * LOW HITPOINT WARNING * * *
You hear an angry squeal.
You feel much better.
Kirke is no longer moving quickly.
Kirke closely misses you. The lindwurm breathes flames at you.
The blast of flame misses you. Kirke hits you!!
* * * LOW HITPOINT WARNING * * *
Something hits you!
* * * LOW HITPOINT WARNING * * *
Something barely misses you. The lindwurm barely misses you.
The lindwurm misses you. The lindwurm claws you!
* * * LOW HITPOINT WARNING * * *
You are too confused!
You feel better. Kirke closely misses you. Something barely misses you.
Something bites you.
* * * LOW HITPOINT WARNING * * *
Something draws strength from your injuries!
The lindwurm bites you!
* * * LOW HITPOINT WARNING * * *
The lindwurm misses you. x2; Kirke hits you!
You die...

.##. . ... ##. # #.
... ##. # ###.# #
#...## ...# .# #...
#>###.# #...##
#######{kk..# ### #
.......h@h#
#########K###########
#....hK.h...#
#.#########.# #.# #.#
#.# #.# #.# ##### #@#
.## .###.##k# .
......#(#


You could see Kirke, 2 lindwurms, a hog and a kobold.

Vanquished Creatures
  2 two-headed ogres (D:10)
  A boulder beetle (D:11)
  Sonja (D:11)
  A deep troll (D:7)
  2 manticores
  A cyclops (D:11)
  2 worldbinders (Abyss:1)
  A kobold demonologist (D:12)
  An unseen horror (D:13)
  A komodo dragon (D:10)
  3 trolls
  The ghost of patfeehan111222 the Covered, an amateur FoFi (D:5)
  A hornet (D:8)
  A wyvern (D:6)
  Eustachio (D:4)
  13 yaks
  A neqoxec (Abyss:1)
  2 vampire mosquitoes (D:11)
  2 wargs (D:9)
  2 acid dragons
  2 orc warriors
  2 water moccasins (D:8)
  A sky beast (D:7)
  4 black bears
  2 ice beasts (D:5)
  3 centaurs
  4 ogres
  A phantom (D:5)
  6 kobold brigands
  A bullfrog (D:7)
  5 wights (D:8)
  6 killer bees (D:7)
  6 howler monkeys
  A gnoll bouda (D:6)
  2 jellies
  14 orc priests
  5 hounds
  5 iguanas
  13 orc wizards
  3 sleepcaps (D:5)
  2 bullfrog simulacra (D:5)
  A scorpion simulacrum (D:5)
  A killer bee simulacrum (D:5)
  7 adders
  3 gnolls (D:6)
  3 river rats (Sewer)
  2 shadow imps
  4 white imps
  A howler monkey simulacrum (D:5)
  2 ufetubi
  5 worms
  A dart slug (D:4)
  48 orcs
  7 bats
  6 endoplasms
  2 giant cockroaches
  9 goblins
  8 hobgoblins
  7 jackals
  29 kobolds
  4 quokkas
  5 ball pythons
  3 frilled lizards
  11 rats
  2 lurking horrors (D:9)
299 creatures vanquished.

Vanquished Creatures (others)
  Maurice (D:8)
  A lurking horror (Abyss:1)
2 creatures vanquished.

Grand Total: 301 creatures vanquished

Notes
Turn   | Place    | Note
-------+----------+-------------------------------------------
     0 | D:1      | cheesebisquit the Troll Fighter began the quest for the
                  | Orb.
     0 | D:1      | Reached XP level 1. HP: 22/22 MP: 0/0
   118 | D:1      | Got the Vellum of the Volcano and Corruption
   127 | D:1      | Reached XP level 2. HP: 29/29 MP: 1/1
   233 | D:1      | Reached skill level 3 in Unarmed Combat
   528 | D:1      | Reached XP level 3. HP: 36/36 MP: 2/2
   961 | D:2      | Reached skill level 4 in Unarmed Combat
  1417 | D:2      | Reached XP level 4. HP: 42/44 MP: 3/3
  1620 | D:3      | Reached skill level 5 in Unarmed Combat
  1655 | D:3      | Reached XP level 5. HP: 50/50 MP: 4/4
  1738 | D:3      | Noticed an ogre
  1744 | D:3      | Killed an ogre
  1745 | D:3      | Reached skill level 6 in Unarmed Combat
  1820 | D:3      | Found Afaud's Distillery.
  1827 | D:3      | Bought a potion of curing for 42 gold pieces
  1827 | D:3      | Bought a potion of curing for 42 gold pieces
  1827 | D:3      | Bought a potion of degeneration for 14 gold pieces
  2179 | D:4      | Reached XP level 6. HP: 57/59 MP: 5/5
  2463 | D:4      | Noticed Eustachio
  2534 | D:4      | Killed Eustachio
  2535 | D:4      | Reached skill level 1 in Throwing
  2602 | D:4      | Found the +7 Throatcutter {drain, coup de grace}
  2620 | D:4      | Reached XP level 7. HP: 57/66 MP: 6/6
  2694 | D:4      | Found a shimmering blue altar of Sif Muna.
  2804 | D:4      | Found Kytineg's One-of-a-Kind Rings.
  2858 | D:4      | Reached skill level 7 in Unarmed Combat
  3123 | D:5      | Entered Level 5 of the Dungeon
  3128 | D:5      | Reached XP level 8. HP: 75/75 MP: 7/7
  3217 | D:5      | Found a runed translucent gate.
  3217 | D:5      | Found a runed translucent gate.
  3225 | D:5      | Found a staircase to the Ecumenical Temple.
  3244 | Temple   | Entered the Ecumenical Temple
  3390 | D:5      | Found Qej Fuew's Antique Weapon Shoppe.
  3537 | D:5      | Found a glowing drain.
  3550 | Sewer    | Entered a sewer
  3560 | Sewer    | Reached skill level 8 in Unarmed Combat
  3667 | Sewer    | Found a white marble altar of Elyvilon.
  3719 | D:5      | Found a bloodstained altar of Trog.
  3733 | D:5      | Reached skill level 5 in Throwing
  3955 | D:5      | Found a runed translucent gate.
  4046 | D:5      | Reached XP level 9. HP: 84/84 MP: 8/8
  4088 | D:5      | Noticed patfeehan111222's ghost (amateur FoFi)
  4614 | D:5      | Killed patfeehan111222's ghost
  4736 | D:3      | Bought 2 potions of heal wounds for 140 gold pieces
  4816 | D:5      | Found Qej Fuew's Antique Weapon Shoppe.
  4949 | D:5      | Found a bloodstained altar of Trog.
  5296 | D:6      | Reached skill level 5 in Shields
  5296 | D:6      | Reached skill level 9 in Unarmed Combat
  5607 | D:6      | Found a shimmering altar of Xom.
  5608 | D:6      | Found a shimmering altar of Xom.
  5609 | D:6      | Found a shimmering altar of Xom.
  5611 | D:6      | Found a shimmering altar of Xom.
  6393 | D:7      | Found a glowing silver altar of Zin.
  6565 | D:7      | Noticed a deep troll
  6575 | D:7      | Killed a deep troll
  6576 | D:7      | Reached skill level 5 in Fighting
  6576 | D:7      | Reached XP level 10. HP: 60/96 MP: 3/9
  6646 | D:7      | Found the amulet of Vitality {RegenMP++ Regen++}
  7032 | D:8      | Reached skill level 10 in Unarmed Combat
  7637 | D:8      | Noticed Maurice
  7660 | D:8      | Killed Maurice
  8121 | D:8      | Found the +8 trident of the Octopus King {venom, rElec
                  | rPois}
  8131 | D:8      | Found Munifog's Book Shop.
  8622 | D:9      | Found a staircase to the Lair.
  8789 | D:9      | Found a staircase to the Orcish Mines.
  8949 | D:9      | Reached skill level 11 in Unarmed Combat
  9179 | D:9      | Found a one-way gate to the infinite horrors of the Abyss.
  9180 | D:9      | Found a corrupted altar of Lugonu.
  9372 | D:10     | Entered Level 10 of the Dungeon
  9592 | D:10     | Reached XP level 11. HP: 89/105 MP: 10/10
  9655 | D:10     | Noticed a two-headed ogre
  9669 | D:10     | Killed a two-headed ogre
  9959 | D:10     | Noticed a two-headed ogre
  9967 | D:10     | Killed a two-headed ogre
 10058 | D:10     | Found a runed translucent gate.
 10058 | D:10     | Found a runed translucent gate.
 10058 | D:10     | Found a runed translucent gate.
 10060 | D:10     | Found an opulent altar of Gozag.
 10061 | D:10     | Noticed an obsidian statue
 10061 | D:10     | Noticed kenny's ghost (journeyman DECj)
 10064 | D:10     | Noticed a death knight
 10201 | D:10     | Found a hide-covered altar of Uskayaw.
 10251 | D:10     | Found a broken altar of Ashenzari.
 10498 | D:11     | Noticed Sonja
 10518 | Abyss:1  | Cast into level 1 of the Abyss (Sonja)
 10634 | Abyss:1  | Gained mutation: You have large cloven feet. [a neqoxec]
 10692 | Abyss:1  | Noticed a bog body
 10692 | Abyss:1  | Noticed a goliath frog
 10693 | Abyss:1  | Noticed a bog body
 10693 | Abyss:1  | Noticed a bog body
 10702 | Abyss:1  | Noticed a white very ugly thing
 10702 | Abyss:1  | Noticed a green very ugly thing
 10702 | Abyss:1  | Noticed a green very ugly thing
 10730 | Abyss:1  | Noticed a tentacled starspawn
 10731 | Abyss:1  | Noticed a brown ugly thing
 10738 | Abyss:1  | Noticed a wretched star
 10752 | D:11     | Escaped the Abyss
 10757 | D:11     | Killed Sonja
 10819 | D:11     | Reached skill level 12 in Unarmed Combat
 10857 | D:11     | Noticed a boulder beetle
 10867 | D:11     | Killed a boulder beetle
 10887 | D:11     | You fall into a shaft and drop 2 floors!
 11123 | D:12     | Noticed Kirke
 11159 | D:12     | Noticed a lindwurm
 11189 | D:12     | Noticed a lindwurm
 11190 | D:12     | Slain by Kirke

Illustrated notes

Levels and vault maps discovered:
D:1:      lemuel_arrival_rhombus, layout_basic
D:2:      layout_rooms, dk_noncrumbling_3, kennysheep_generic_room_12
D:3:      layout_basic, serial_shops, shop, minmay_quadrilaterals
D:4:      layout_basic, mainiacjoe_overflow_small_starburst,
          dreamdust_wishing_well, grunt_decor_cap, grunt_ministairs_11,
          nicolae_shop_unique_rings, dilly_guarded_unrand_throatcut,
          uniq_eustachio
D:5:      layout_cave_pools, trog_ov_bears_minmay, minmay_temple_entry_arrows,
          serial_shops, nicolae_shop_behind_doors, gammafunk_ghost_icy,
          portal_sewer_entry_d
D:6:      layout_loops_ring, xom_redecorated
D:7:      layout_basic, nicolae_overflow_crystal_walls,
          hellmonk_guarded_unrand_vitality_bloodlust
D:8:      layout_basic, serial_shops, shop, uniq_maurice
D:9:      layout_gridville, erik_lair_orcish_takeover,
          amcnicky_altar_lugonu_corruption
D:10:     layout_gridville, mainiacjoe_overflow_paths, lemuel_round_altar,
          ebering_ghost_gozag
D:11:     layout_rooms, uniq_sonja
D:12:     layout_loops_ring, nicolae_concentric_dashed_squares_wild, uniq_kirke
D:13:     layout_loops_corners, grunt_vaults_entry_tiered,
          gammafunk_ghost_hydra_chop, uniq_frances
Temple:   kb_temple_of_zot

Skill      XL: |  1  2  3  4  5  6  7  8  9 10 11 |
---------------+----------------------------------+-----
Unarmed Combat | 3 4 5 6 7 8 9 11 12 | 12.3
Throwing       | 2 3 5 6 8 9 |  9.8
Shields        | 3 4 5 6 7 |  7.5
Fighting       | 3 4 5 6 |  6.7
Dodging        | |  2.4

Action                     |  1- 3 |  4- 6 |  7- 9 | 10-12 || total
---------------------------+-------+-------+-------+-------++-------
  Melee: Unarmed           |   121 |   161 |   350 |   284 ||   916
         Kick              |       |       |       |    21 ||    21
  Throw: Stone             |     8 |       |       |       ||     8
         Dart              |     1 |     1 |    23 |   102 ||   127
         Boomerang         |       |       |     3 |     6 ||     9
         Javelin           |       |       |       |     4 ||     4
    Use: Scroll            |       |     7 |     6 |     9 ||    22
         Potion            |       |     1 |     6 |    11 ||    18
   Stab: Sleeping          |     1 |     1 |       |       ||     2
         Invisible         |       |       |       |     1 ||     1
 Armour: Robe              |    31 |    46 |   115 |     1 ||   193
         Troll leather arm |       |       |       |    68 ||    68
  Dodge: Dodged            |    27 |    45 |   100 |    91 ||   263
  Block: Kite shield       |    38 |    48 |   111 |   133 ||   330

Table legend: (Time is in decaauts)
 A = Elapsed time spent in this place.
 B = Non-inter-level travel time spent in this place.
 C = Inter-level travel time spent in this place.
 D = Time resting spent in this place.
 E = Time spent auto-exploring this place.
 F = Levels seen in this place.
 G = Mean time per level.
                   A        B        C        D        E       F      G
               +--------+--------+--------+--------+--------+-----+--------+
         Total |  11109 |  10182 |    927 |    883 |   6902 |  16 |  694.3 |
       Dungeon |  10613 |   9701 |    912 |    867 |   6587 |  13 |  816.4 |
        Temple |    106 |     91 |     15 |      0 |     80 |   1 |  106.0 |
         Abyss |    232 |    232 |      0 |     16 |    139 |   1 |  232.0 |
         Sewer |    157 |    157 |      0 |      0 |     95 |   1 |  157.0 |
               +--------+--------+--------+--------+--------+-----+--------+

Top non-repeatable levels by time:
     D:5: 1721 daAuts
     D:8: 1322 daAuts
     D:4: 1193 daAuts
    D:10: 982 daAuts
     D:9: 981 daAuts
     D:7: 889 daAuts
     D:1: 880 daAuts
     D:6: 805 daAuts
     D:3: 733 daAuts
     D:2: 574 daAuts
    D:11: 235 daAuts
 Abyss:1: 232 daAuts
    D:13: 216 daAuts
   Sewer: 157 daAuts
  Temple: 106 daAuts
